 Dungeon Crawl Stone Soup version 0.26.1-11-gd32895ea62 (webtiles) character file.

Game seed: 8955187267051286952

192 tardwrangler69 the Poker (level 5, -5/42 HPs)
             Began as a Merfolk Gladiator on Apr 27, 2021.
             Killed by divine providence
             ... invoked by an orc priest
              (14 damage)
             ... on level 4 of the Dungeon.
             The game lasted 00:01:56 (3084 turns).

tardwrangler69 the Poker (Merfolk Gladiator)        Turns: 3084, Time: 00:01:57

Health: -5/42      AC:  4    Str: 15    XL:     5   Next: 71%
Magic:  5/5        EV: 18    Int:  7    God:
Gold:   143        SH:  0    Dex: 16    Spells: 4/4 levels left

rFire    . . .     SeeInvis .   a - +0 trident
rCold    . . .     Faith    .   (no shield)
rNeg     . . .     Spirit   .   b - +0 leather armour
rPois    .         Reflect  .   c - +0 helmet
rElec    .         Harm     .   (no cloak)
rCorr    .         Rampage  .   (no gloves)
Will     .....                  (no boots)
Stlth    ++........             (no amulet)
HPRegen  0.14/turn              l - ring of stealth
MPRegen  0.09/turn              i - +4 ring of evasion

@: no status effects
A: change form in water, swift swim, stealthy swim
a: no special abilities


You were on level 4 of the Dungeon.
You visited 1 branch of the dungeon, and saw 4 of its levels.

You collected 143 gold pieces.

Inventory:

Hand Weapons
 a - a +0 trident (weapon)
Missiles
 d - 3 throwing nets (quivered)
Armour
 b - a +0 leather armour (worn)
 c - a +0 helmet (worn)
Jewellery
 g - an uncursed ring of ice
 i - a +4 ring of evasion (right hand)
 l - a ring of stealth (left hand)
Scrolls
 f - 4 scrolls of identify {unknown}
 h - a scroll of teleportation {unknown}
 j - 2 scrolls of fog {unknown}
 n - a scroll of enchant armour {unknown}
 r - a scroll of magic mapping {unknown}
 s - a scroll of enchant weapon {unknown}
 u - a scroll of remove curse {unknown}
Potions
 e - 3 potions of flight {unknown}
 k - a potion of heal wounds {unknown}
 m - 3 potions of haste {unknown}
 o - a potion of lignification {unknown}
 p - a potion of mutation {unknown}
 q - a potion of might {unknown}
 t - a potion of curing {unknown}


   Skills:
 + Level 4.0 Fighting
 * Level 7.8 Polearms
 - Level 2.0 Throwing
 - Level 4.0 Dodging


You had 4 spell levels left.
You didn't know any spells.
Your spell library was empty.

Dungeon Overview and Level Annotations

Branches:
Dungeon (4/15)
 Temple: D:4-7

Altars:


Message History

The orc priest shouts! x2; You hear a shout!
An orc comes into view. It is wielding a +0 short sword.
The orc priest calls down the wrath of Beogh upon you.
Pain shoots through your body!
The orc priest invokes the aid of Beogh against you.
Beogh smites you!
There are monsters nearby!
You are too injured to fight recklessly!
You are too injured to fight recklessly!
The orc priest barely misses you.
You hit the orc priest.
The orc priest is moderately wounded.
The orc priest mumbles some strange prayers to Beogh against you.
Beogh smites you!
* * * LOW HITPOINT WARNING * * *
You barely miss the orc priest.
The orc priest is moderately wounded.
The orc priest invokes the aid of Beogh against you.
Beogh smites you!
You die...

......### #.# #.#
#.#..#...... #.#
#.# .###.#.#####
####.# #.# ## ##...
#....# .###.#.##
#o#### #...##.#
#.#.. .......#
#.#.# #...####
#.######o#.# ##.##
#.....@o#.$# #.#
############.###
#.# #............#
#.####.############
#......# ########


You could see an orc priest and an orc.

Vanquished Creatures
  A phantom (D:4)
  Jessica (D:3)
  An adder (D:2)
  An adder skeleton (D:4)
  2 worms (D:3)
  A dart slug (D:1)
  3 leopard geckos
  4 giant cockroaches
  6 goblins
  9 hobgoblins
  5 jackals (D:2)
  A quokka (D:3)
  5 bats
  2 frilled lizards (D:3)
  4 kobolds
  8 rats
54 creatures vanquished.

Notes
Turn   | Place    | Note
-------+----------+-------------------------------------------
     0 | D:1      | tardwrangler69 the Merfolk Gladiator began the quest for
                  | the Orb.
     0 | D:1      | Reached XP level 1. HP: 16/16 MP: 1/1
    88 | D:1      | Reached XP level 2. HP: 13/23 MP: 2/2
   230 | D:1      | Reached skill level 5 in Polearms
  1091 | D:2      | Reached XP level 3. HP: 16/28 MP: 3/3
  1634 | D:2      | Reached skill level 6 in Polearms
  2283 | D:3      | Reached XP level 4. HP: 35/35 MP: 4/4
  2428 | D:3      | Noticed Jessica
  2434 | D:3      | Killed Jessica
  2838 | D:4      | Noticed a phantom
  2884 | D:4      | Killed a phantom
  2885 | D:4      | Reached skill level 7 in Polearms
  2885 | D:4      | Reached XP level 5. HP: 25/42 MP: 5/5
  3084 | D:4      | Killed from afar by an orc priest

Illustrated notes

Levels and vault maps discovered:
D:1:      wander_arrival_estate, layout_loops_ring
D:2:      layout_basic
D:3:      layout_loops_ring, uniq_jessica
D:4:      layout_loops_ring, uniq_crazy_yiuf_cottage

Skill      XL: |  1  2  3  4 |
---------------+-------------+-----
Polearms       | 5 6 7 |  7.8
Fighting       | 3 4 |  4.0
Throwing       | |  2.0
Dodging        | |  4.0

Action                   |  1- 3 |  4- 6 || total
-------------------------+-------+-------++-------
Melee: Trident           |   130 |    75 ||   205
 Stab: Sleeping          |     9 |     7 ||    16
Armor: Leather armour    |    20 |     9 ||    29
Dodge: Dodged            |    91 |    26 ||   117
